 Dungeon Sprint DCSS version 0.22.1-1-ga44c0e56f4 (webtiles) character file.

905 MuseOD the Impaler (level 8, -1/71 HPs)
             Began as a Merfolk Berserker on Oct 5, 2018.
             Was a Priest of Trog.
             Slain by a hornet (12 damage)
             ... while paralysed by a hornet
             ... in the Dungeon (Sprint II: "The Violet Keep of Menkaure").
             The game lasted 00:00:36 (361 turns).

MuseOD the Impaler (Merfolk Berserker)               Turns: 361, Time: 00:00:36

Health: -1/71      AC:  2    Str: 20    XL:     8   Next: 8%
Magic:  8/8        EV:  2    Int:  6    God:    Trog [***...]
Gold:   243        SH:  0    Dex: 11    Spells: 7/7 levels left

rFire    . . .     SeeInvis .   a - +0 spear
rCold    . . .     Gourm    .   (no shield)
rNeg     . . .     Faith    .   b - +0 animal skin
rPois    .         Spirit   .   (no helmet)
rElec    .         Reflect  .   (no cloak)
rCorr    .         Harm     .   (no gloves)
MR       .....     NoTele   +   (no boots)
Stlth    +.........             (no amulet)
HPRegen  0.21/turn              (no ring)
MPRegen  0.11/turn              (no ring)

@: paralysed, lethally poisoned (-1 -> -6), berserk cooldown, slowed
A: change form in water, swift swim, stealthy swim, clumsy 1
a: Berserk, Trog's Hand, Renounce Religion


You were in the Dungeon.
You worshipped Trog.
Trog was most pleased with you.
You were hungry.

You visited 1 branch You collected 243 gold pieces.

Inventory:

Hand Weapons
 a - a +0 spear (weapon)
Armour
 b - a +0 animal skin (worn)
Scrolls
 i - a scroll of blinking
Potions
 e - a potion of heal wounds
 f - a potion of haste
 g - 2 potions of magic
 h - a potion of berserk rage
Comestibles
 c - a ration


   Skills:
 + Level 9.1 Fighting
 * Level 15.1 Polearms
 + Level 6.0 Armour
 + Level 10.3 Dodging


You had 7 spell levels left.
You didn't know any spells.
Your spell library was empty.

Dungeon Overview and Level Annotations

Branches:
Dungeon (1/1)

Altars:
Cheibriados
Dithmenos
Elyvilon
Fedhas
Hepliaklqana
Kikubaaqudgha
Makhleb
Qazlal
Ru
Sif Muna
Trog
Wu Jian
Xom
Beogh
Jiyva
Lugonu


Innate Abilities, Weirdness & Mutations

You revert to your normal form in water.
You are very nimble and swift while swimming.
You are very stealthy in the water. (Stealth+)
You are clumsy. (Dex -2)


Message History

You barely miss the hornet.
The hornet is severely wounded.
You feel sick.
The hornet stings you but does no damage.
You miss the hornet.
The hornet is severely wounded.
You feel sick. The hornet barely misses you.
You closely miss the hornet.
The hornet is severely wounded.
You feel sick. The hornet barely misses you.
Unknown command.
You feel better. The hornet misses you. The hornet stings you!
* * * LOW HITPOINT WARNING * * *
You suddenly lose the ability to move!
The hornet stings you!
* * * LOW HITPOINT WARNING * * *
You are poisoned.
You feel as though you will be slow longer.
The hornet stings you!
You die...

#. .#### +.### ...# ...#
## ## ..## #..# $# +#
#.##..# +..# .#
.###..#..# #..# c#
<.'##.+..####..##y#
.##.#.#....###..@##▓▓
+###.##......≈≈≈≈≈≈≈≈≈≈≈
###≈≈§÷...§#+########
#≈≈≈≈§≈§§§§#.._.....#
#≈≈≈≈≈§§≈§≈#._._....#
#≈≈§§§§≈≈≈≈≈#_._._...#
≈≈≈≈≈§§§≈≈≈≈≈#._._._..#
+++#≈§§§§≈≈≈§#_._._._.#
##≈§≈###§≈#._._._


You could see a yaktaur and a hornet.

Vanquished Creatures
  2 polar bears (D)
  4 neqoxecs (D)
6 creatures vanquished.

Vanquished Creatures (others)
  Menkaure (D)
  A crocodile (D)
2 creatures vanquished.

Grand Total: 8 creatures vanquished

Notes
Turn   | Place    | Note
-------+----------+-------------------------------------------
     0 | D        | MuseOD the Merfolk Berserker began the quest for the Orb.
     0 | D        | Reached XP level 1. HP: 18/18 MP: 1/1
     1 | D        | Noticed a neqoxec
    14 | D        | Gained mutation: You are clumsy. (Dex -2) [a neqoxec]
    15 | D        | Killed a neqoxec
    15 | D        | Reached skill level 5 in Fighting
    15 | D        | Reached skill level 9 in Polearms
    15 | D        | Reached XP level 2. HP: 9/28 MP: 2/2
    15 | D        | Reached XP level 3. HP: 11/34 MP: 3/3
    15 | D        | Reached XP level 4. HP: 13/40 MP: 4/4
    15 | D        | Reached XP level 5. HP: 14/46 MP: 5/5
    77 | D        | Killed Menkaure
   125 | D        | Killed a crocodile
   248 | D        | Noticed a neqoxec
   248 | D        | Noticed a neqoxec
   248 | D        | Noticed a neqoxec
   255 | D        | Killed a neqoxec
   255 | D        | Reached ** piety under Trog
   255 | D        | Reached skill level 11 in Polearms
   255 | D        | Reached XP level 6. HP: 53/53 MP: 6/6
   258 | D        | Killed a neqoxec
   258 | D        | Reached skill level 12 in Polearms
   267 | D        | Killed a neqoxec
   267 | D        | Reached skill level 13 in Polearms
   267 | D        | Reached skill level 5 in Armour
   267 | D        | Reached XP level 7. HP: 62/62 MP: 7/7
   322 | D        | Found a stormy altar of Qazlal.
   322 | D        | Found an ornate altar of the Wu Jian Council.
   323 | D        | Found a hazy altar of Hepliaklqana.
   323 | D        | Found a sacrificial altar of Ru.
   323 | D        | Found a shimmering altar of Xom.
   324 | D        | Found a roughly hewn altar of Beogh.
   324 | D        | Found a viscous altar of Jiyva.
   324 | D        | Found a deep blue altar of Sif Muna.
   325 | D        | Found a snail-covered altar of Cheibriados.
   325 | D        | Found an ancient bone altar of Kikubaaqudgha.
   325 | D        | Found a bloodstained altar of Trog.
   326 | D        | Found a shadowy altar of Dithmenos.
   326 | D        | Found a corrupted altar of Lugonu.
   327 | D        | Found a white marble altar of Elyvilon.
   327 | D        | Found a burning altar of Makhleb.
   328 | D        | Found a blossoming altar of Fedhas.
   330 | D        | Noticed a yaktaur
   330 | D        | Noticed a hornet
   330 | D        | Noticed a polar bear
   330 | D        | Noticed a polar bear
   340 | D        | Killed a polar bear
   340 | D        | Reached skill level 14 in Polearms
   347 | D        | Noticed a polar bear
   349 | D        | Killed a polar bear
   349 | D        | Reached *** piety under Trog
   349 | D        | Reached skill level 15 in Polearms
   349 | D        | Reached skill level 10 in Dodging
   349 | D        | Reached XP level 8. HP: 71/71 MP: 8/8
   360 | D        | Paralysed by a hornet for 3 turns
   361 | D        | Slain by a hornet

Skill      XL: |  1  2  3  4  5  6  7 |
---------------+----------------------+-----
Fighting       | 5 6 8 9 |  9.1
Polearms       | 9 11 13 15 | 15.1
Armour         | 3 4 5 6 |  6.0
Dodging        | 6 7 9 10 | 10.3

Action                   |  1- 3 |  4- 6 |  7- 9 || total
-------------------------+-------+-------+-------++-------
Melee: Spear             |    13 |    16 |    28 ||    57
Invok: Berserk           |     1 |     1 |     1 ||     3
  Use: Potion            |       |       |     1 ||     1
Armor: Animal skin       |       |       |     1 ||     1
Dodge: Dodged            |     4 |     2 |    12 ||    18
